[Event "*** SCC Grand Prix: Titled Tuesday Blitz"]
[Site "Chess.com"]
[Date "2020.07.07"]
[Round "2"]
[White "Jungle_Jaguar"]
[Black "ArnieChipmunk"]
[Result "1-0"]
[WhiteElo "2662"]
[BlackElo "2322"]
[TimeControl "180+1"]
[EndTime "10:18:01 PDT"]
[Termination "Jungle_Jaguar won by resignation"]

1. e4 e5 2. Nf3 d6 3. d4 f5 4. dxe5 fxe4 5. Ng5 d5 6. e6 Nc6 7. Nf7 Qf6 8. Nxh8 Bc5 9. Be3 Bxe3 10. fxe3 Bxe6 11. Nc3 O-O-O 12. Bb5 Qh4+ 13. g3 Qe7 14.
Bxc6 bxc6 15. Qd4 Kb7 16. Na4 Nf6 17. Nc5+ Ka8 18. O-O-O Rxh8 19. Qc3 Ng4 20. Rd4 Ne5 21. Ra4 Nc4 22. Nxe6 Qxe6 23. Qxg7 Rc8 24. Rf1 Qe5 25. Qxe5 Nxe5 26. Rf6 Kb7 27. Rb4+ Ka6 28. Re6 Ka5 29. a3 Ng4 30. Rxc6 Nxe3 31. Rb7 Rf8 32. b4+ 1-0

[Event "*** SCC Grand Prix: Titled Tuesday Blitz"]
[Site "Chess.com"]
[Date "2020.07.07"]
[Round "2"]
[White "colegiodemadrid"]
[Black "Sofiia_Hryzlova"]
[Result "1-0"]
[WhiteElo "2416"]
[BlackElo "2143"]
[TimeControl "180+1"]
[EndTime "10:18:01 PDT"]
[Termination "colegiodemadrid won on time"]

1. d4 Nf6 2. c4 e6 3. Nc3 Bb4 4. Qc2 O-O 5. e4 Bxc3+ 6. bxc3 d6 7. Bd3 Nbd7 8. Ne2 c5 9. O-O h6 10. f4 b6 11. e5 Ne8 12. Ng3 cxd4 13. cxd4 Ba6 14.
Bb2 Rc8 15. Qe2 g6 16. f5 exf5 17. Nxf5 gxf5 18. Rxf5 Ng7 19. Rf4 h5 20. Qe4 f5 21.
exf6 Nxf6 22. Rxf6 Rxf6 23. Qh7+ Kf7 24. d5 Bxc4 25.
Bxf6 Qxf6 26. Rf1 Bxd3 27. Qxd3 Rc5 28. Rxf6+ Kxf6 29. Qd4+ Kg6 30. Qe4+ Nf5 31. Qe6+ Kg5 32. h4+ Nxh4 33. Qxd6 Rc1+ 34. Kh2 Rc2 35. Qg3+ 1-0

[Event "*** SCC Grand Prix: Titled Tuesday Blitz"]
[Site "Chess.com"]
[Date "2020.07.07"]
[Round "2"]
[White "TheBigBoss04"]
[Black "Isajevsky_Anton"]
[Result "0-1"]
[WhiteElo "2742"]
[BlackElo "2524"]
[TimeControl "180+1"]
[EndTime "10:18:02 PDT"]
[Termination "Isajevsky_Anton won by resignation"]

1. Nf3 c5 2. e4 d6 3. d4 cxd4 4.
Nxd4 Nf6 5. Nc3 a6 6. Rg1 e5 7. Nf5 d5 8. Bg5 d4 9. Bxf6 gxf6 10. Ne2 Nc6 11. Neg3 Bb4+ 12. Ke2 Rg8 13. a3 Bf8 14. Ke1 Qb6 15. Rb1 Be6 16. Bd3 O-O-O 17. Qe2 Bxa3 18.
Qf3 Bxb2 19. Ke2 Ba2 20. Nh5 Rg6 21. Nh4 Qb4 22. Nxg6 hxg6 23. Nxf6 Qa3 24. Nd5 f5 25. Nb6+ Kc7 26. Nc4 Bxc4 27. Bxc4 d3+ 28. Kf1 dxc2 29.
Re1 c1=Q 30. Rxc1 Bxc1 31. Qxa3 Bxa3 0-1

[Event "*** SCC Grand Prix: Titled Tuesday Blitz"]
[Site "Chess.com"]
[Date "2020.07.07"]
[Round "2"]
[White "FMJoseHerrera"]
[Black "kushagramohan"]
[Result "0-1"]
[WhiteElo "2484"]
[BlackElo "2708"]
[TimeControl "180+1"]
[EndTime "10:18:02 PDT"]
[Termination "kushagramohan won on time"]

1. Nf3 Nf6 2. g3 g6 3. Bg2 Bg7 4. d3 c5 5. Nc3 O-O 6. h4 d5 7. h5 Nxh5 8. Bg5 Nf6 9. Bh6 Bf5 10. Qd2 d4 11. Bxg7 dxc3 12. Qh6 g5 13. Bxf8 Qxf8 14. Qxg5+ Bg6 15. b3 Nc6 16. Nh4 Nd4 17. O-O-O Nxe2+ 18. Kb1 c4 19. dxc4 e5 20. Ka1 Qa3 21. Rb1 Nd4 22. Rhc1 Nd7 23. Nxg6 hxg6 24. Bd5 Kg7 25. Qe7 Qxe7 26.
b4 a5 27. b5 Nc5 28. f4 Rh8 29. f5 gxf5 30. g4 f4 0-1

[Event "*** SCC Grand Prix: Titled Tuesday Blitz"]
[Site "Chess.com"]
[Date "2020.07.07"]
[Round "2"]
[White "chessplayer9919"]
[Black "PlotnikovPavel"]
[Result "0-1"]
[WhiteElo "2655"]
[BlackElo "2485"]
[TimeControl "180+1"]
[EndTime "10:18:03 PDT"]
[Termination "PlotnikovPavel won by resignation"]

1. d4 e6 2. c4 f5 3. Nc3 Nf6 4. Nf3 b6 5. g3 Bb7 6. Bg2 Bb4 7. O-O O-O 8. d5 Bxc3 9. bxc3 exd5 10. Nh4 Ne4 11.
cxd5 Nxc3 12. Qd3 Ne4 13. Bxe4 fxe4 14. Qxe4 d6 15. Bb2 Nd7 16. Qe6+ Rf7 17. Nf3 Nc5 18.
Qh3 Bxd5 19. Ng5 Qxg5 20. Rad1 Bb7 21. Rd4 Re8 22. Rg4 Qd5 23. f3 Bc8 24. Rxg7+ Rxg7 25. Qh6 Rg6 26. Qc1 Rxe2 27. Qc3 Re5 28. Qc2 Bb7 29.
Bxe5 Qxe5 30. Qd2 Re6 31. h4 Qe3+ 0-1

[Event "*** SCC Grand Prix: Titled Tuesday Blitz"]
[Site "Chess.com"]
[Date "2020.07.07"]
[Round "2"]
[White "Na_binci"]
[Black "Susal_De_Silva"]
[Result "1-0"]
[WhiteElo "2177"]
[BlackElo "2367"]
[TimeControl "180+1"]
[EndTime "10:18:03 PDT"]
[Termination "Na_binci won by resignation"]

1. d4 f6 2. c4 g6 3. Nc3 Bg7 4. h4 h5 5. Qc2 f5 6. e4 d6 7.
Be3 Nc6 8. O-O-O Nh6 9. Nf3 Ng4 10. Ng5 O-O 11. d5 Nce5 12. Bd4 f4 13. f3 Nh6 14. Be2 a6 15. Kb1 Bd7 16. Rhg1 Rb8 17. g3 fxg3 18. Rxg3 b5 19. c5 b4 20. Na4 Rf4 21. c6 Bc8 22. Rh1 Qe8 23. Be3 Rf8 24. Rhg1 e6 25. Nxe6 Bxe6 26. dxe6 Qxe6 27. f4 Nhf7 28.
fxe5 Nxe5 29. Rxg6 Qh3 30. Rxg7+ Kh8 31. Bd4 Qh2 32. Qd2 Rf4 33. Bxe5 dxe5 34. Qd7 1-0

[Event "*** SCC Grand Prix: Titled Tuesday Blitz"]
[Site "Chess.com"]
[Date "2020.07.07"]
[Round "2"]
[White "TST2014"]
[Black "anesar92"]
[Result "0-1"]
[WhiteElo "2496"]
[BlackElo "2720"]
[TimeControl "180+1"]
[EndTime "10:18:04 PDT"]
[Termination "anesar92 won by checkmate"]

1. d4 Nf6 2. c4 e6 3. Nf3 Bb4+ 4. Bd2 Be7 5. Nc3 O-O 6. e4 d5 7.
e5 Ne4 8. Bd3 Nxd2 9. Qxd2 dxc4 10. Bxc4 c5 11. d5 exd5 12. Nxd5 Bg4 13. Qf4 Bxf3 14.
Qxf3 Nc6 15. Qe4 Qa5+ 16. Kf1 Rad8 17. h4 Qd2 18. h5 Qxb2 19. Rb1 Qd4 20. Qxd4 cxd4 21.
Rxb7 Bc5 22. Rc7 Rc8 23. Ke2 Nxe5 24. Bb3 d3+ 25. Kd2 Rxc7 26. Nxc7 Bxf2 27. h6 gxh6 28. Rxh6 Bb6 29. Rh5 Bxc7 30. Rg5+ Kh8 31. Rf5 f6 32.
g4 h6 33. Rh5 Kg7 34. Be6 Ba5+ 35. Ke3 d2 36. Ke2 Re8 37. Bf5 Nxg4+ 38. Kf3 d1=Q+ 39.
Kg3 Re3+ 40. Kf4 Qf3# 0-1

[Event "*** SCC Grand Prix: Titled Tuesday Blitz"]
[Site "Chess.com"]
[Date "2020.07.07"]
[Round "2"]
[White "BJthechessgod"]
[Black "Riptide27"]
[Result "1-0"]
[WhiteElo "2316"]
[BlackElo "2518"]
[TimeControl "180+1"]
[EndTime "10:18:07 PDT"]
[Termination "BJthechessgod won by resignation"]

1. e4 c5 2. Nf3 d6 3. d3 Nc6 4. Nc3 g6 5. Be3 Bg7 6. Be2 Nf6 7. Qd2 Ng4 8. Bf4 h6 9. h3 Nge5 10. Nxe5 dxe5 11. Be3 b6 12. Bg4 e6 13. g3 Bb7 14.
O-O-O Qe7 15. h4 O-O-O 16. h5 g5 17. f4 gxf4 18. gxf4 Kb8 19. f5 Bf6 20. fxe6 fxe6 21. Rdf1 Rdg8 22. Rhg1 Bg5 23. Bxg5 Rxg5 24. Bd1 Rhg8 25.
Rxg5 Rxg5 26. Qf2 Nd4 27. Qf6 Qxf6 28. Rxf6 Rg1 29. Rxh6 b5 30. Kd2 Rg2+ 31. Ne2 Nf3+ 32. Ke3 Nd4 33. Nxd4 exd4+ 34. Kf4 Rd2 35. Bg4 Rxc2 36. Rxe6 c4 37. Rd6 c3 38. bxc3 dxc3 39. h6 Rh2 40. Bd1 c2 41. Bxc2 Rxc2 42. h7 Rf2+ 43. Kg5 Rf8 44. Rg6 1-0

[Event "*** SCC Grand Prix: Titled Tuesday Blitz"]
[Site "Chess.com"]
[Date "2020.07.07"]
[Round "2"]
[White "Konavets"]
[Black "Herracek"]
[Result "1-0"]
[WhiteElo "2961"]
[BlackElo "2589"]
[TimeControl "180+1"]
[EndTime "10:18:08 PDT"]
[Termination "Konavets won by resignation"]

1. d4 Nf6 2. c4 e5 3. dxe5 Ng4 4.
Bf4 g5 5. Bd2 Nxe5 6. Nf3 Nbc6 7. Bc3 Bg7 8. Nxe5 Nxe5 9. e3 Qe7 10. h4 g4 11. Nd2 d6 12. Qc2 Be6 13. O-O-O O-O-O 14.
g3 h5 15. Bg2 Rhg8 16. Qa4 Kb8 17. Kb1 Nd3 18. Bxg7 Rxg7 19. Rhf1 Nc5 20. Qb4 Bf5+ 21. Ka1 b6 22. Nb3 Rgg8 23. Nd4 Bd7 24. Nc6+ Bxc6 25.
Bxc6 a5 26. Qc3 Qe5 27. Rd4 Ne6 28. Rd3 Qxc3 29. Rxc3 Nc5 30. Rd1 f5 31. Rd4 Rgf8 32. Rc2 Rf6 33. b3 Rdf8 34. Kb2 Ne6 35. Rd1 Kc8 36. a3 Kd8 37. b4 axb4 38. axb4 Ke7 39. Rcd2 Nd8 40. Bg2 Nf7 41. Kc3 Ne5 42. Ra2 Kd7 43.
Ra7 Rb8 44. b5 Rf7 45. Bd5 Re7 46. Rd4 Rf8 47. Rd2 Rb8 48. Rd4 Rf8 49. Rf4 Ree8 50. e4 fxe4 51. Bxe4 Rc8 52. Bf5+ Ke7 53. Bxc8 Rxc8 54.
Rf5 Ke6 55. Rxh5 Rf8 56. Rh6+ Kf5 57. Rxc7 Ke4 58. Rxd6 Rf3+ 59. Kb4 Nd3+ 60. Rxd3 Kxd3 61. c5 Rxf2 62. cxb6 Rb2+ 63. Kc5 Rc2+ 64. Kd6 Rb2 65. Rc5 Kd4 66. b7 1-0

[Event "*** SCC Grand Prix: Titled Tuesday Blitz"]
[Site "Chess.com"]
[Date "2020.07.07"]
[Round "2"]
[White "nubair1198"]
[Black "Thee-Chessboy"]
[Result "1-0"]
[WhiteElo "2788"]
[BlackElo "2520"]
[TimeControl "180+1"]
[EndTime "10:18:08 PDT"]
[Termination "nubair1198 won by resignation"]

1. Nf3 Nf6 2. b3 g6 3. Bb2 Bg7 4. g3 O-O 5. Bg2 d6 6. d4 Nc6 7. d5 Nb4 8. c4 a5 9. O-O e5 10.
dxe6 Bxe6 11. Nd4 Bc8 12. Nc3 Re8 13. Re1 c6 14. Qd2 Nd7 15. a3 Na6 16. Rad1 Ndc5 17. Qc2 Qb6 18. Ne4 Nxe4 19. Bxe4 Nc5 20. Bf3 Bd7 21.
Bc3 Re7 22. Rb1 Rae8 23. Red1 Ne4 24. Ba1 Ng5 25. Bg2 Bh3 26. e3 Bxg2 27. Kxg2 Qc5 28. b4 axb4 29. axb4 Qa7 30. h4 Ne4 31. Nf3 Bxa1 32.
Rxa1 Qb6 33. Qb2 Qc7 34. Ra3 Re6 35. Nd4 R6e7 36. b5 c5 37. Ne2 Qd7 38. Nf4 Qf5 39.
f3 Nf6 40. Rxd6 Rxe3 41. Rxe3 Rxe3 42. Rxf6 Qe5 43. Qxe5 Rxe5 44. Rb6 1-0

[Event "*** SCC Grand Prix: Titled Tuesday Blitz"]
[Site "Chess.com"]
[Date "2020.07.07"]
[Round "2"]
[White "Artem_Koval"]
[Black "chito89"]
[Result "0-1"]
[WhiteElo "2419"]
[BlackElo "2809"]
[TimeControl "180+1"]
[EndTime "10:18:08 PDT"]
[Termination "chito89 won on time"]

1. e4 Nc6 2. Nf3 d6 3. d4 Nf6 4.
Nc3 Bg4 5. Be3 e6 6. h3 Bh5 7.
Be2 Be7 8. O-O O-O 9. d5 exd5 10. exd5 Bxf3 11. Bxf3 Ne5 12. Bf4 Nfd7 13. Re1 Re8 14. Be4 Ng6 15. Bg3 Bf6 16. Bf5 Nb6 17. Qd3 a6 18. a4 Nd7 19. Qd2 Nge5 20. b3 g6 21. Be4 Nc5 22. Rad1 Bg7 23. f4 Nxe4 24. Rxe4 Nd7 25.
Rde1 Rxe4 26. Nxe4 Qf8 27. c4 Re8 28. Ng5 Nc5 29. b4 Nxa4 30. Qf2 Nb6 31. Rc1 Qe7 32.
Kh2 Qe3 33. Qc2 Qe2 34. Qb3 Re3 35. Qb1 Nxc4 36. Re1 Qd2 37. Rd1 Qb2 38. Qxb2 Nxb2 39. Rc1 Re7 40. f5 Nd3 0-1

[Event "*** SCC Grand Prix: Titled Tuesday Blitz"]
[Site "Chess.com"]
[Date "2020.07.07"]
[Round "2"]
[White "EnergeticHay"]
[Black "guillembaches"]
[Result "1-0"]
[WhiteElo "2244"]
[BlackElo "2433"]
[TimeControl "180+1"]
[EndTime "10:18:08 PDT"]
[Termination "EnergeticHay won by resignation"]

1. e4 c5 2. Nf3 d6 3. d4 cxd4 4. Nxd4 Nf6 5. Nc3 a6 6. h3 e5 7.
Nde2 h5 8. g3 Be6 9. Bg2 Be7 10.
O-O Nbd7 11. a4 Nf8 12. Be3 Qd7 13. Kh2 h4 14. g4 Ng6 15. Qd2 Bxg4 16. hxg4 Nxg4+ 17. Kg1 h3 18. Bf3 Nh4 19. Kh1 Nxf3 20. Qd3 Bg5 21.
Bxg5 Nxg5 22. Nd5 Rd8 23. Ng3 Ne6 24. Nf5 g6 25. f3 gxf5 26. fxg4 fxe4 27. Qxe4 Qc6 28.
c4 b5 29. axb5 axb5 30. Qf3 Nf4 31. Nf6+ 1-0

[Event "*** SCC Grand Prix: Titled Tuesday Blitz"]
[Site "Chess.com"]
[Date "2020.07.07"]
[Round "2"]
[White "TheCount"]
[Black "vladislavkovalev"]
[Result "0-1"]
[WhiteElo "2580"]
[BlackElo "2930"]
[TimeControl "180+1"]
[EndTime "10:18:09 PDT"]
[Termination "vladislavkovalev won on time"]

1. Nf3 Nf6 2. g3 b6 3. Bg2 Bb7 4. c4 e6 5. O-O Be7 6. Nc3 c5 7. Re1 O-O 8. e4 Nc6 9. e5 Ne8 10. d4 Nxd4 11. Nxd4 Bxg2 12. Nxe6 dxe6 13. Kxg2 Nc7 14.
Qf3 Qd4 15. Re4 Qd7 16. Rg4 f5 17. exf6 Bxf6 18. Qe4 Rad8 19. Bg5 Bxg5 20. Rxg5 Qd2 21. h4 Rxf2+ 22. Kg1 Qxb2 23. Re1 Rdf8 24. Ne2 R2f3 25. Nf4 Qf2+ 26. Kh1 R3xf4 27. gxf4 Rxf4 0-1

[Event "*** SCC Grand Prix: Titled Tuesday Blitz"]
[Site "Chess.com"]
[Date "2020.07.07"]
[Round "2"]
[White "Twitch_ElhamBlitz05"]
[Black "vangulio"]
[Result "1-0"]
[WhiteElo "2820"]
[BlackElo "2530"]
[TimeControl "180+1"]
[EndTime "10:18:09 PDT"]
[Termination "Twitch_ElhamBlitz05 won on time"]

1. e4 c5 2. Nf3 d6 3. d4 cxd4 4. Nxd4 Nf6 5. f3 g6 6. c4 Bg7 7.
Nc3 O-O 8. Be3 Nc6 9. Qd2 Bd7 10.
Be2 Nxd4 11. Bxd4 Bc6 12. O-O a5 13. Rac1 Nd7 14. Rfd1 Nc5 15. Bxg7 Kxg7 16. Qe3 Qb6 17. b3 Rfc8 18. Bf1 Qb4 19. Nd5 Bxd5 20. exd5 Re8 21. h4 a4 22. Rb1 axb3 23. axb3 Ra3 24. h5 Rxb3 25. h6+ Kg8 26. Qd4 f6 27. Rxb3 Qxb3 28.
Ra1 Qb6 29. Qe3 Kf7 30. Kh1 e6 31. dxe6+ Rxe6 32. Qf4 Re5 33. g4 Ne6 34. Qd2 Qd4 35. Qxd4 Nxd4 36. Ra7 Nxf3 37. Rxb7+ Re7 38. Rb6 Rd7 39.
Bg2 Ne5 40. Bd5+ Ke7 41. Rb8 Nxg4 42. Rh8 Nxh6 43. Rxh7+ Kd8 44. Rxh6 Rg7 45. Kg2 Ke7 46. Rh8 f5 47. Rc8 Kf6 48. Re8 Kg5 49. Re6 Rd7 50. Kf3 Kh5 51. Kf4 Rd8 52. Re7 Kh6 53. Re6 Kh5 54.
Bc6 Kh6 55. Be8 1-0

[Event "*** SCC Grand Prix: Titled Tuesday Blitz"]
[Site "Chess.com"]
[Date "2020.07.07"]
[Round "2"]
[White "Grandelicious"]
[Black "26andrej26"]
[Result "1-0"]
[WhiteElo "2773"]
[BlackElo "2517"]
[TimeControl "180+1"]
[EndTime "10:18:09 PDT"]
[Termination "Grandelicious won by resignation"]

1. d4 Nf6 2. c4 g6 3. g3 Bg7 4.
Bg2 O-O 5. Nc3 d6 6. Nf3 Nc6 7. O-O Bg4 8. d5 Na5 9. Nd2 c5 10. h3 Bd7 11. Qc2 a6 12. b3 Rb8 13. Bb2 b5 14. Rab1 e5 15. dxe6 fxe6 16. Nce4 Qe7 17. Nxf6+ Bxf6 18. Bxf6 Rxf6 19. Ne4 Rf7 20. Qd2 Nb7 21. Rbd1 Bc6 22. Nf6+ Rxf6 23. Bxc6 Rd8 24. cxb5 axb5 25. Bxb5 d5 26. e4 d4 27. e5 Rf5 28.
f4 Rdf8 29. Bd3 R5f7 30. h4 Nd8 31. Be4 Qc7 32. Rc1 Qb6 33. Qc2 Rc7 34. Qc4 Kg7 35. b4 Nb7 36. bxc5 Rxc5 37. Qxd4 Rd8 38. Qf2 Rd2 39.
Rb1 Qd8 40. Rxb7+ Kh6 41. Qxc5 Rb2 42. Rxb2 1-0

[Event "*** SCC Grand Prix: Titled Tuesday Blitz"]
[Site "Chess.com"]
[Date "2020.07.07"]
[Round "2"]
[White "natelleka"]
[Black "AndrewMaco"]
[Result "0-1"]
[WhiteElo "2114"]
[BlackElo "2620"]
[TimeControl "180+1"]
[EndTime "10:18:09 PDT"]
[Termination "AndrewMaco won on time"]

1. e4 c6 2. d4 d5 3. f3 e6 4. Nc3 Bb4 5. Qd3 Ne7 6. Bd2 b6 7. O-O-O O-O 8. e5 Ba6 9. Qe3 Bxf1 10. Rxf1 c5 11. Nge2 Nbc6 12. g4 Rc8 13. a3 cxd4 14. Nxd4 Bc5 15. Nce2 b5 16. f4 Qb6 17. Bc3 a5 18.
Rd1 b4 19. axb4 axb4 20. Be1 Ra8 21. c3 bxc3 22. Bxc3 Rfc8 23. f5 exf5 24. Rhe1 fxg4 25. e6 f6 26. Qf4 Ne5 27. Nf5 Nxf5 28. Qxf5 Be3+ 29. Kc2 d4 30. Nxd4 Bxd4 31. Rxd4 Qxd4 0-1

[Event "*** SCC Grand Prix: Titled Tuesday Blitz"]
[Site "Chess.com"]
[Date "2020.07.07"]
[Round "2"]
[White "zmeeed67"]
[Black "EfM13"]
[Result "1-0"]
[WhiteElo "2444"]
[BlackElo "2213"]
[TimeControl "180+1"]
[EndTime "10:18:10 PDT"]
[Termination "zmeeed67 won by resignation"]

1. d4 d6 2. Nf3 Nf6 3. Bg5 g6 4. e3 Bg7 5. c4 Ne4 6. Bh4 O-O 7. Bd3 Bf5 8. g4 Nxf2 9. Bxf2 Bxg4 10. Rg1 Bh5 11. Nc3 e5 12. Be2 Nd7 13. Qd2 exd4 14.
exd4 Nb6 15. Bh4 Qd7 16. c5 dxc5 17. dxc5 Bxf3 18. Qxd7 Nxd7 19. Bxf3 Nxc5 20. O-O-O Rfe8 21. Nd5 Re5 22. Bg3 Rf5 23. Ne7+ Kh8 24. Nxf5 gxf5 25. Kb1 c6 26. Rge1 Na4 27. Re2 b5 28. Red2 1-0

[Event "*** SCC Grand Prix: Titled Tuesday Blitz"]
[Site "Chess.com"]
[Date "2020.07.07"]
[Round "2"]
[White "secretsuperstar7"]
[Black "angryhorse9"]
[Result "0-1"]
[WhiteElo "2116"]
[BlackElo "2406"]
[TimeControl "180+1"]
[EndTime "10:18:10 PDT"]
[Termination "angryhorse9 won on time"]

1. d4 Nf6 2. c4 g6 3. Nc3 Bg7 4. e4 d6 5. Nf3 O-O 6. Be2 e5 7. d5 a5 8. h3 Na6 9. Bg5 h6 10. Be3 Qe8 11. Nd2 Bd7 12. Qc2 Nh7 13. g4 Kh8 14. a3 a4 15. h4 f5 16. gxf5 gxf5 17. exf5 Nc5 18. Bg4 Nf6 19. Bh3 e4 20. Bxc5 dxc5 21.
O-O-O Qe5 22. Rde1 Bxf5 23. Bxf5 Qxf5 24. Ncxe4 Nxe4 25.
Nxe4 b6 26. Re2 Bd4 27. Rhe1 Qf3 28. Qd2 Kh7 29. Ng5+ hxg5 30. Re7+ Kh8 31. hxg5 Qf4 32. R1e3 Bxe3 33. Rxe3 Qxf2 34. Qc3+ Kg8 35. Kb1 Qf1+ 0-1

[Event "*** SCC Grand Prix: Titled Tuesday Blitz"]
[Site "Chess.com"]
[Date "2020.07.07"]
[Round "2"]
[White "plumalka"]
[Black "aleksandrovaleksei"]
[Result "1-0"]
[WhiteElo "2409"]
[BlackElo "2644"]
[TimeControl "180+1"]
[EndTime "10:18:11 PDT"]
[Termination "plumalka won on time"]

1. e4 e5 2. Nf3 Nc6 3. Nc3 Nf6 4. a3 d6 5. d4 Bg4 6. Bb5 Bxf3 7. gxf3 Nd7 8. Bxc6 bxc6 9. dxe5 Nxe5 10. f4 Nd7 11.
Qf3 Rb8 12. b3 g6 13. Bb2 Bg7 14. O-O-O O-O 15. e5 d5 16. Ne2 Qe7 17. h4 a5 18.
h5 Rb6 19. hxg6 fxg6 20. a4 Qe6 21. Nd4 Qe8 22. Qh3 h6 23. Ne6 h5 24. Rhg1 Qf7 25. f5 Qxf5 26. Qxf5 Rxf5 27. Rxg6 Kf7 28. Nxg7 Kxg6 29.
Rg1+ Rg5 30. Rxg5+ Kxg5 31. e6 Nc5 32. e7 Rb8 33. e8=Q Rxe8 34. Nxe8 Ne4 35. f3 Ng3 36. Be5 h4 37. Nxc7 Kf5 38. Bd6 Nf1 39. Na6 1-0

[Event "*** SCC Grand Prix: Titled Tuesday Blitz"]
[Site "Chess.com"]
[Date "2020.07.07"]
[Round "2"]
[White "Chessdemon2019"]
[Black "amiralfio"]
[Result "1-0"]
[WhiteElo "2293"]
[BlackElo "2450"]
[TimeControl "180+1"]
[EndTime "10:18:11 PDT"]
[Termination "Chessdemon2019 won by checkmate"]

1. e4 c5 2. Nf3 e6 3. d4 cxd4 4.
Nxd4 Nf6 5. Nc3 Nc6 6. Ndb5 d6 7. Bf4 e5 8. Bg5 a6 9. Na3 b5 10. Nd5 Be7 11. Bxf6 Bxf6 12. c3 Bg5 13. Nc2 Bb7 14. a4 bxa4 15. Rxa4 O-O 16. h4 Bh6 17. Be2 Nb8 18.
Nce3 Nd7 19. Nf5 Bxd5 20. Nxh6+ gxh6 21. Qxd5 Nb6 22. Qb3 Nxa4 23. Qxa4 Qb6 24. Qa3 Rab8 25. O-O Qxb2 26. Qxa6 Rb6 27. Qd3 Kh8 28. Qf3 d5 29.
exd5 Rg6 30. Bd3 Rd6 31. Qf5 Rg6 32. Qxe5+ Rg7 33. d6 Qb7 34. g3 f6 35. Qe6 Qf3 36. Be4 Qxc3 37. Rd1 Rfg8 38. Rd3 Qe1+ 39. Kg2 Rxg3+ 40.
Rxg3 Qxe4+ 41. Qxe4 Rg5 42. hxg5 Kg7 43. Qe7+ Kg6 44.
Qxf6+ Kh5 45. Qxh6# 1-0

[Event "*** SCC Grand Prix: Titled Tuesday Blitz"]
[Site "Chess.com"]
[Date "2020.07.07"]
[Round "2"]
[White "SGchess01"]
[Black "Hikaru"]
[Result "0-1"]
[WhiteElo "2612"]
[BlackElo "3221"]
[TimeControl "180+1"]
[EndTime "10:18:12 PDT"]
[Termination "Hikaru won by resignation"]

1. Nf3 g6 2. g3 d5 3. Bg2 Bg7 4. O-O e5 5. d3 Ne7 6. c4 O-O 7. cxd5 Nxd5 8. Bg5 f6 9. Bd2 Be6 10. Nc3 Nc6 11. a3 Qd7 12. Rc1 Nxc3 13. Bxc3 Rad8 14.
b4 Nd4 15. Nxd4 exd4 16. Bd2 c6 17. Qa4 a6 18. Qa5 Bh3 19. Rfe1 Bxg2 20. Kxg2 Rfe8 21. Qc5 Re5 22. Qc4+ Kh8 23. e4 dxe3 24. Bxe3 Qxd3 25. Qxd3 Rxd3 26. Bf4 Rxe1 27. Rxe1 Bf8 28. Re8 Kg7 29.
Rb8 Rd7 30. g4 Kf7 31. Kf3 c5 32. bxc5 Bxc5 33. a4 Ke6 34. Ke2 Kd5 35. h4 Kc4 36. Rc8 b6 37. a5 bxa5 38. Be3 Rd5 39. Rc7 a4 0-1

[Event "*** SCC Grand Prix: Titled Tuesday Blitz"]
[Site "Chess.com"]
[Date "2020.07.07"]
[Round "2"]
[White "Izoria123"]
[Black "AlexSuv"]
[Result "1-0"]
[WhiteElo "2905"]
[BlackElo "2566"]
[TimeControl "180+1"]
[EndTime "10:18:12 PDT"]
[Termination "Izoria123 won by resignation"]

1. Nf3 d5 2. g3 Nf6 3. Bg2 c6 4. c4 Nbd7 5. d4 e6 6. Nbd2 Be7 7. O-O O-O 8. Qc2 b6 9. e4 dxe4 10. Nxe4 Bb7 11. Rd1 Rc8 12. Nxf6+ Bxf6 13. c5 Qe7 14. Be3 Rfd8 15. Rac1 Ba6 16. h4 h6 17. b4 bxc5 18. dxc5 e5 19. Nd2 Nf8 20. Nc4 Bxc4 21. Qxc4 Ne6 22. Rxd8+ Qxd8 23. Bh3 Qd7 24. Bg4 Qe7 25.
Bxe6 Qxe6 26. Qxe6 fxe6 27. Rd1 Rc7 28. Kg2 Kf7 29.
Kf3 Rb7 30. a3 a6 31. Rd6 Rc7 32. Ke4 Ke7 33. Bd2 Rc8 34. Bc3 Rc7 35. Bxe5 Rc8 36. f4 Rc7 37. Rxe6+ Kxe6 38. Bxc7 Bb2 39. a4 Ba3 40.
Ba5 g6 41. g4 Bb2 42. f5+ gxf5+ 43. gxf5+ Ke7 44. h5 Bc3 45. Bc7 Bxb4 46. Bf4 Bxc5 47. Bxh6 Bb4 48. Bg7 Kf7 49. h6 c5 50. f6 Kg6 51.
Kd5 Bc3 52. Kxc5 a5 53. Kb5 Bb4 54. Kc6 Kf7 55. h7 Kg6 56. h8=Q 1-0

[Event "*** SCC Grand Prix: Titled Tuesday Blitz"]
[Site "Chess.com"]
[Date "2020.07.07"]
[Round "2"]
[White "Vision_64"]
[Black "Rap_woyska"]
[Result "0-1"]
[WhiteElo "2182"]
[BlackElo "2429"]
[TimeControl "180+1"]
[EndTime "10:18:12 PDT"]
[Termination "Rap_woyska won on time"]

1. e4 e6 2. d4 d5 3. Nc3 Nf6 4. Bg5 dxe4 5. Nxe4 Be7 6. Bxf6 gxf6 7. Nf3 f5 8. Nc3 a6 9. Bd3 b5 10. Qd2 Bb7 11. O-O-O b4 12. Ne2 Qd6 13. Ne5 Nd7 14.
f4 Nb6 15. Rhg1 O-O-O 16. Kb1 Rhf8 17. g4 fxg4 18. Rxg4 f6 19. Nc4 Nxc4 20. Bxc4 Rg8 21. Rdg1 Rxg4 22. Rxg4 Kb8 23. Qe3 f5 24. Rg7 Bf6 25.
Rxh7 Bxd4 26. Nxd4 Qxd4 27. Qxd4 Rxd4 28. Bd3 Rxf4 29.
b3 e5 30. Rf7 e4 31. Bc4 Rf2 32. h4 f4 33. h5 f3 34. h6 Rh2 35. h7 Ka7 36.
Rxc7 Kb6 37. Rf7 e3 38. Rf6+ Kc5 39. h8=Q Rxh8 40. Rf7 e2 41. Re7 Rh1+ 42. Kb2 e1=Q 0-1

[Event "*** SCC Grand Prix: Titled Tuesday Blitz"]
[Site "Chess.com"]
[Date "2020.07.07"]
[Round "2"]
[White "Chessmasterzt"]
[Black "ArjunErigaisi2003"]
[Result "0-1"]
[WhiteElo "2602"]
[BlackElo "3027"]
[TimeControl "180+1"]
[EndTime "10:18:13 PDT"]
[Termination "ArjunErigaisi2003 won on time"]

1. d4 e6 2. Nf3 Nf6 3. c4 d5 4. e3 a6 5. b3 b6 6. Bd3 Bb7 7. O-O Nbd7 8. Bb2 Bd6 9. Nbd2 O-O 10. Qe2 Ne4 11. Rac1 f5 12. Ne5 Bxe5 13. dxe5 Ndc5 14.
Bb1 a5 15. Nf3 a4 16. b4 a3 17. Ba1 Na4 18. Nd4 Qe7 19. Bxe4 dxe4 20. Rfd1 c5 21.
bxc5 Nxc5 22. Nb5 Nd3 23. Rb1 f4 24. exf4 Nxf4 25. Qe3 Nxg2 26. Kxg2 Rf3 27. Qxb6 e3 28. Kf1 Qh4 29. Qxe6+ Kh8 30. Ke2 Qxf2+ 31. Kd3 e2+ 32. Kc2 Be4+ 33. Kd2 e1=Q+ 0-1

[Event "*** SCC Grand Prix: Titled Tuesday Blitz"]
[Site "Chess.com"]
[Date "2020.07.07"]
[Round "2"]
[White "OparinGrigoriy"]
[Black "PaulfromSPb"]
[Result "1-0"]
[WhiteElo "2941"]
[BlackElo "2584"]
[TimeControl "180+1"]
[EndTime "10:18:13 PDT"]
[Termination "OparinGrigoriy won by resignation"]

1. d4 Nf6 2. Nf3 e6 3. c4 b6 4. g3 Ba6 5. b3 Bb4+ 6. Bd2 Be7 7. Bg2 c6 8. Nc3 d5 9. Qc2 O-O 10. O-O Nbd7 11. Rfd1 Rc8 12. e4 dxc4 13. e5 Nd5 14. Ne4 b5 15. Neg5 g6 16. h4 Re8 17.
bxc4 bxc4 18. h5 Nf8 19. Ne4 Rb8 20. Bf1 Nb4 21. Bxb4 Rxb4 22. Rac1 Qd5 23. Bg2 Qb5 24. Qd2 Kg7 25. Qf4 Nd7 26. h6+ Kg8 27. Nfg5 Rf8 28. Bh3 Qd5 29. Nc3 Qa5 30. Nxf7 Bg5 31. Qxg5 Kxf7 32. Ne4 Kg8 33. Bxe6+ Kh8 34. Qe7 Rg8 35.
Bxg8 Qxe5 36. dxe5 1-0

[Event "*** SCC Grand Prix: Titled Tuesday Blitz"]
[Site "Chess.com"]
[Date "2020.07.07"]
[Round "2"]
[White "GuerrieroFromLevant"]
[Black "PawnEatingZombie"]
[Result "1-0"]
[WhiteElo "2435"]
[BlackElo "2199"]
[TimeControl "180+1"]
[EndTime "10:18:13 PDT"]
[Termination "GuerrieroFromLevant won on time"]

1. e4 c6 2. d4 d5 3. exd5 cxd5 4.
Bd3 Nc6 5. c3 Qc7 6. h3 Nf6 7.
Nf3 g6 8. O-O Bf5 9. Re1 Bxd3 10.
Qxd3 Bg7 11. Na3 O-O 12. Nc2 Rfe8 13. Bg5 Ne4 14. Rxe4 dxe4 15. Qxe4 b5 16. d5 Ne5 17. Nfd4 a6 18. Bf4 e6 19. dxe6 Qc5 20. exf7+ Nxf7 21. Qf3 Rac8 22. Rd1 a5 23. a3 Ne5 24.
Bxe5 Rxe5 25. Ne3 Rce8 26. Qc6 Qxc6 27. Nxc6 Re4 28. Rd5 b4 29. axb4 axb4 30. Nxb4 Ra8 31.
Nd3 Re7 32. g4 Ra1+ 33. Kg2 h6 34. h4 Kh7 35. h5 gxh5 36. Rxh5 Kg8 37. Nf5 Rd7 38.
Nf4 Rd2 39. Ne6 Bf8 40. Nxf8 Kxf8 41. Rxh6 Rxb2 42. Rf6+ Ke8 43. Nd6+ Kd7 44. Ne4 Ra8 45. g5 Rg8 46. Kf3 Rb1 47. Kf4 Re1 48. f3 Re2 49.
Kf5 Ke7 50. f4 Re1 51. Re6+ Kd7 52. Nf6+ 1-0